 Dungeon Crawl Stone Soup version 0.22-a0-982-gdd22fea (webtiles) character file.

69 araganzar the Skirmisher (level 4, 32/41 HPs)
             Began as a Minotaur Archaeologist on Feb 24, 2020.
             Quit the game on level 2 of the Dungeon.
             The game lasted 00:01:21 (1419 turns).

araganzar the Skirmisher (Minotaur Archaeologist)   Turns: 1419, Time: 00:01:22

Health: 32/41      AC:  4    Str: 17    XL:     4   Next: 2%
Magic:  3/3        EV: 13    Int:  9    God:
Gold:   114        SH:  0    Dex: 10    Spells: 3/3 levels left

rFire    . . .     SeeInvis .   a - +0 whip
rCold    . . .     Gourm    .   (no shield)
rNeg     . . .     Faith    .   b - +1 robe
rPois    .         Spirit   .   c - +1 hat
rElec    .         Reflect  .   (no cloak)
rCorr    .         Harm     .   (no gloves)
MR       .....                  (no boots)
Stlth    +.........             (no amulet)
HPRegen  0.13/turn              (no ring)
MPRegen  0.08/turn              (no ring)

@: studying Armour
A: retaliatory headbutt, horns 2
a: no special abilities


You were on level 2 of the Dungeon.
You were hungry.
You have taken the pledge of the Ascetic.
You visited 1 branch of the dungeon, and saw 2 of its levels.

You collected 114 gold pieces.


Innate Abilities, Weirdness & Mutations

You reflexively headbutt those who attack you in melee.
You have a pair of horns on your head.


   Skills:
 - Level 4.6 Fighting
 + Level 3.0 Maces & Flails
 + Level 2.0 Armour
 - Level 3.2 Dodging
 - Level 0.7 Stealth


You had 3 spell levels left.
You didn't know any spells.
Your spell library was empty.

Inventory:

Hand Weapons
 a - a +0 whip (weapon)
Armour
 b - a +1 robe (worn)
 c - a +1 hat (worn)
Books
 d - a manual of Armour {!d}
Miscellaneous
 e - an ancient crate
Comestibles
 f - 5 rations

#####..#
♣♣..♣ ♣.♣
#..# ♣..♣♣
♣.♣ #..#♣♣♣
♣♣..♣ ♣.♣
#####.....♣
♣♣.♣♣♣.♣ #.
....#..#♣.♣
♣.♣†..♣ #.
....#..# ..♣
♣.....♣♣ #.
###.#..# ..
♣♣ ♣♣.....♣♣
#. ....#..#
♣.♣.♣♣
♣.♣♣...♣ #.
###.##.#
♣..@♣♣♣
♣.♣♣♣♣.♣ #.
......<#
♣♣♣.♣.♣♣♣♣.♣
♣.♣ #.
###....#
♣..♣.♣♣.♣♣
♣♣.♣ #.
#.....#
♣..♣♣...♣♣
♣.♣♣ #.
#.....#
♣.♣♣♣♣♣♣♣
♣♣.♣ #.
#...#.# ♣..
♣.♣♣ #.
#...#.# ♣.♣♣
♣♣.♣ #.
#...#.# ♣.
♣.♣♣ ##.
#...#.# ♣
♣♣♣♣♣.♣ #..


There were no monsters in sight!


Message History

You are too injured to fight recklessly!
You are too injured to fight recklessly!
You are too injured to fight recklessly!
Unknown command.
You are too injured to fight recklessly!
Unknown command.
You hit the adder. Your headbutt misses the adder.
The adder bites you but does no damage.
You hit the adder.
You feel sick. The adder bites you.
You are more poisoned.
The adder poisons you! The adder bites you.
You take 4 damage, and have 17/34 hp.
You closely miss the adder.
You kill the adder!
Your Maces & Flails skill increases to level 3!
Your Armour skill increases to level 2!
You have reached level 4!
You feel agile.
You feel sick.
You regained 2 hp, and now have 19/41 hp.
You see here an adder corpse.
Unknown command.
Unknown command.
You start resting.
You feel sick. x12
You are no longer poisoned.
You are feeling hungry.
You regained 13 hp, and now have 32/41 hp.
MP restored: 3 Unknown command.
Unknown command.

Action                   |  1- 3 |  4- 6 || total
-------------------------+-------+-------++-------
Melee: Whip              |    46 |       ||    46
       Headbutt          |     7 |       ||     7
  Eat: Chunk             |     1 |       ||     1
Armor: Robe              |     8 |       ||     8
Dodge: Dodged            |    32 |       ||    32

Vault maps used:
D:1:      ncdulo_halloftheorcs, minmay_pentomino_t4
D:2:      kb_forest_paths, first_ration

Notes
Turn   | Place    | Note
-------+----------+-------------------------------------------
     0 | D:1      | araganzar the Minotaur Archaeologist began the quest for the Orb.
     0 | D:1      | Reached XP level 1. HP: 19/19 MP: 0/0
   201 | D:1      | Reached skill level 1 in Maces & Flails
   344 | D:1      | You fall through a shaft!
   368 | D:2      | Reached skill level 4 in Fighting
   368 | D:2      | Reached XP level 2. HP: 25/27 MP: 1/1
   569 | D:1      | You fall through a shaft!
   678 | D:2      | Reached skill level 2 in Maces & Flails
   973 | D:2      | Reached XP level 3. HP: 20/34 MP: 2/2
  1192 | D:2      | Reached skill level 1 in Armour
  1232 | D:2      | Reached skill level 3 in Maces & Flails
  1232 | D:2      | Reached skill level 2 in Armour
  1232 | D:2      | Reached XP level 4. HP: 20/41 MP: 2/3
  1419 | D:2      | Quit the game

Vanquished Creatures
  A worker ant (D:2)
  3 adders (D:2)
  A leopard gecko (D:2)
  2 bats (D:2)
  A giant cockroach (D:2)
  6 goblins
  A kobold (D:1)
  A quokka (D:2)
16 creatures vanquished.
